 Dungeon Crawl Stone Soup version 0.17-a0-946-g1856e96 (console) character file.

94 Banquo the Ruffian (level 4, -3/36 HPs)
             Began as a Ghoul Gladiator on May 7, 2015.
             Slain by a crocodile (12 damage)
             ... in a sewer.
             The game lasted 00:05:41 (1708 turns).

Banquo the Ruffian (Ghoul Gladiator)                Turns: 1708, Time: 00:05:41

Health: -3/36      AC:  8    Str: 18    XL:     4   Next: 63%
Magic:  3/3        EV: 10    Int:  3    God:
Gold:   71         SH:  0    Dex: 10    Spells: 0 memorised, 3 levels left

rFire  . . .     SeeInvis .       - Unarmed
rCold  + . .     Clarity  .     r - +0 scale mail
rNeg   + + +     SustAb   .     (no shield)
rPois  ∞         Gourm    .     b - +0 helmet
rElec  .         Spirit   .     s - +0 cloak
rCorr  .         Warding  .     (no gloves)
rMut   .         Stasis   .     (no boots)
MR     .....                    (no amulet)
Stlth  ..........               (no ring)
                                (no ring)

@: rotting, not resistant to hostile enchantments, extremely unstealthy
A: rotting body, claws 1, carnivore 3, cold resistance 1, negative energy
resistance 3, slow healing 1, torment resistance, unbreathing
a: no special abilities


You were in a sewer.
You were not hungry.

You visited 1 branch of the dungeon, and saw 3 of its levels.
You also visited: Sewer.

You collected 71 gold pieces.

Inventory:

Hand weapons
 i - a +0 hunting sling
 x - a +0 blowgun
Missiles
 c - 3 throwing nets (quivered)
 e - 53 stones
 j - 5 steel sling bullets
 n - 46 poisoned needles
 u - 4 needles of slowing
Armour
 a - a +0 leather armour
 b - a +0 helmet (worn)
 g - a +0 ring mail
 r - a +0 scale mail (worn)
 s - a +0 cloak (worn)
Scrolls
 k - a scroll of magic mapping {unknown}
 m - 2 scrolls of blinking {unknown}
 p - 2 scrolls of fear {unknown}
 t - 2 scrolls of identify {unknown}
 v - 2 scrolls of teleportation {unknown}
Potions
 h - a potion of degeneration {unknown}
 l - a potion of resistance {unknown}
 o - 2 potions of heal wounds {unknown}
 w - a potion of curing {unknown}
Comestibles
 d - 4 meat rations
 f - 8 chunks of flesh
 q - a slice of pizza


   Skills:
 - Level 2.1 Fighting
 - Level 1.7 Throwing
 - Level 2.6 Dodging
 + Level 5.7 Unarmed Combat


You had 3 spell levels left.
You didn't know any spells.

Dungeon Overview and Level Annotations

Branches:
Dungeon (3/15)

Altars:
Ashenzari


Innate Abilities, Weirdness & Mutations

Your body is rotting away.
You thrive on raw meat.
You are immune to poison.
You have sharp fingernails.
You are carnivorous and can eat meat at any time.
Your flesh is cold resistant.
You are immune to negative energy.
You heal slowly when monsters are visible.
You are immune to unholy pain and torment.
You can survive without breathing.


Message History

A crocodile comes into view.
Found a royal jelly and a scroll labeled MAQEH WEMET.
Found a fizzy blue potion.
You scratch the crocodile but do no damage.
The crocodile bites you!
You scratch the crocodile.
The crocodile begins to bleed from its wounds!
The crocodile is lightly wounded.
The crocodile closely misses you.
You scratch the crocodile but do no damage.
The crocodile is lightly wounded.
The crocodile bites you!
You closely miss the crocodile.
The crocodile is lightly wounded.
The crocodile bites you.
* * * LOW HITPOINT WARNING * * *
You closely miss the crocodile.
The crocodile is lightly wounded.
The crocodile bites you!
You die...

### # .≈.## # #? ###
≈....### # #%.##..
#.≈...### # ###..≈≈
#.≈.≈.### #.≈....##
##..≈.≈.. #...t@###
###.≈...###
#!≈##≈....####.≈.≈.###
# ###..≈.≈.≈.≈.### #
###.≈....### #
########


You could see a crocodile (bleeding).

Vanquished Creatures
  2 adders (D:2)
  A river rat (D:3)
  A worm (D:2)
  3 giant geckos (D:2)
  2 ball pythons
  9 goblins
  4 hobgoblins
  6 jackals
  10 kobolds
  A quokka (D:2)
  3 bats (D:1)
  2 giant cockroaches
  6 giant newts
  13 rats
63 creatures vanquished.

Notes
Turn   | Place    | Note
--------------------------------------------------------------
     0 | D:1      | Banquo, the Ghoul Gladiator, began the quest for the Orb.
     0 | D:1      | Reached XP level 1. HP: 17/17 MP: 0/0
   198 | D:1      | Reached XP level 2. HP: 21/24 MP: 1/1
   303 | D:1      | Reached skill level 4 in Unarmed Combat
   754 | D:1      | Reached XP level 3. HP: 29/29 MP: 2/2
  1054 | D:2      | Reached skill level 5 in Unarmed Combat
  1066 | D:2      | Found a shattered altar of Ashenzari.
  1103 | D:2      | Reached XP level 4. HP: 33/36 MP: 3/3
  1618 | D:3      | Found a glowing drain.
  1629 | Sewer    | Entered a sewer
  1699 | Sewer    | Noticed a crocodile
  1708 | Sewer    | Slain by a crocodile

Action                   |  1- 3 |  4- 6 || total
-------------------------+-------+-------++-------
Melee: Unarmed           |   104 |    58 ||   162
  Eat: Chunk             |    14 |     2 ||    16
